 Dungeon Crawl Stone Soup version 0.20.1-1-g8b1a95d (webtiles) character file.

10712 WiZmei the Covert (level 11, -4/86 HPs)
             Began as a Merfolk Gladiator on Dec 4, 2017.
             Was a High Priest of Okawaru.
             Slain by a spiny frog (14 damage)
             ... on level 1 of the Lair of Beasts.
             The game lasted 01:11:50 (18791 turns).

WiZmei the Covert (Merfolk Gladiator)              Turns: 18791, Time: 01:11:51

Health: -4/86      AC: 13    Str: 19    XL:     11   Next: 66%
Magic:  17/17      EV: 12    Int:  7    God:    Okawaru [*****.]
Gold:   366        SH:  0    Dex: 15    Spells: 16/18 levels left

rFire    x . .     SeeInvis .   b - +4 spear (venom)
rCold    + . .     Gourm    +   (no shield)
rNeg     . . .     Faith    .   v - +2 chain mail {rPois}
rPois    +         Spirit   .   c - +0 helmet
rElec    .         Reflect  .   (no cloak)
rCorr    .         Harm     .   (no gloves)
MR       .....                  K - +0 pair of boots
Stlth    ++........             C - amulet of the gourmand
Regen    0.3/turn               m - ring of ice
MPRegen  0.2/turn               L - ring of stealth

@: lethally poisoned (-4 -> -12), heavily drained
A: change form in water, swift swim, stealthy swim
a: Heroism, Finesse, Renounce Religion


You were on level 1 of the Lair of Beasts.
You worshipped Okawaru.
Okawaru was extremely pleased with you.
You were not hungry.

You visited 3 branches of the dungeon, and saw 14 of its levels.
You also visited: Sewer.

You collected 441 gold pieces.
You spent 75 gold pieces at shops.

Inventory:

Hand Weapons
 b - a +4 spear of venom (weapon)
 B - a +3 trident of draining
 O - a +2 trident of venom
Missiles
 M - 2 exploding tomahawks (quivered)
Armour
 c - a +0 helmet (worn)
 v - a +2 chain mail of poison resistance (worn)
 A - a +9 plate armour of ponderousness
 K - a +0 pair of boots (worn)
Jewellery
 m - a ring of ice (left hand)
 C - an amulet of the gourmand (around neck)
 L - a ring of stealth (right hand)
Wands
 e - a wand of lightning (12/15)
 l - a wand of acid (3/15)
 t - a wand of acid (8/15)
 D - a wand of disintegration (0/24)
 F - a wand of digging (4/24)
Scrolls
 p - a scroll of fog
 w - 2 scrolls of remove curse
 y - 5 scrolls of identify
 I - a scroll of recharging {unknown}
Potions
 a - a potion of magic
 h - a potion of ambrosia
 i - a potion of berserk rage {unknown}
 k - a potion of haste
 n - a potion of brilliance {unknown}
 o - 2 potions of curing
 q - a potion of resistance {unknown}
 s - a potion of mutation {unknown}
 u - a potion of agility {unknown}
 x - a potion of degeneration {unknown}
 E - 3 potions of might {unknown}
 J - a potion of cancellation {unknown}
Books
 d - a book of Burglary

   Spells                             Type                      Level
   a - Swiftness                      Charms/Air                   2
   b - Passwall                       Transmutation/Earth          2
   c - Passage of Golubria            Translocation                4
   d - Lee's Rapid Deconstruction     Earth                        5
   e - Darkness                       Hexes                        6
   f - Invisibility                   Hexes                        6
 z - a book of Maledictions

   Spells                             Type                      Level
   a - Corona                         Hexes                        1
   b - Ensorcelled Hibernation        Hexes/Ice                    2
   c - Confuse                        Hexes                        3
   d - Tukima's Dance                 Hexes                        3
   e - Dazzling Spray                 Conjuration/Hexes            3
Miscellaneous
 G - a lamp of fire (inert)
Comestibles
 f - 9 bread rations
 g - 4 meat rations
 j - 7 fruits
 H - 4 royal jellies


   Skills:
 * Level 8.1(6.5) Fighting
 - Level 10.0(8.4) Polearms
 - Level 2.0(0.6) Throwing
 - Level 4.2(2.8) Armour
 - Level 10.4(8.7) Dodging
 - Level 11.0(9.3) Stealth
 - Level 4.2(2.8) Spellcasting
 - Level 4.4(3.0) Charms
 - Level 3.5(2.1) Air Magic


You had 16 spell levels left.
You knew the following spells:

 Your Spells              Type           Power        Failure   Level  Hunger
a - Swiftness             Chrm/Air       #.......     91%         2    ###....


Dungeon Overview and Level Annotations

Branches:
Dungeon (12/15)            Temple (1/1) D:5            Lair (1/6) D:9
    Orc (0/2) D:9

Altars:
Dithmenos
Fedhas
Gozag
Hepliaklqana
Kikubaaqudgha
Okawaru
Qazlal
Uskayaw
Vehumet
Beogh

Shops:
D:5 ?   D:6 (   D:9 =

Annotations:
D:4 Sigmund
D:5 digijack's ghost, novice BaSk
D:7 Pikel
D:11 Josephine


Message History

The black mamba is heavily wounded.
The black mamba bites you!
* * * LOW HITPOINT WARNING * * *
You barely miss the black mamba.
The black mamba is heavily wounded.
The black mamba bites you but does no damage.
You feel much better. The black mamba bites you.
You are poisoned.
The black mamba poisons you! The black mamba bites you.
You feel sick. The black mamba closely misses you. The black mamba bites you!
* * * LOW HITPOINT WARNING * * *
You feel sick. The black mamba bites you!
* * * LOW HITPOINT WARNING * * *
* * * LOW HITPOINT WARNING * * *
You feel sick. The black mamba misses you.
You feel sick.
You feel sick.
The black mamba bites you but does no damage.
The spiny frog stings you!
You die...

.#.#.##......#P.#..#.###.#.#.#.#
...............................#
.........................##.##.#
...............................#
#..##..####.###..####.###..###.##
.....................(..........#
###.####..##....##.#.......###.##
###.#####.#.#.#F###.......P#
...............S@.............
###.#.########.####.###.######
##### ### ### ###


You could see a black mamba and a spiny frog.

Vanquished Creatures
  Erolcha (D:9)
  2 two-headed ogres
  An unseen horror (D:12)
  A manticore (D:10)
  A cyclops (D:11)
  2 hippogriffs
  A spriggan (D:7)
  4 yaks (D:10)
  3 wraiths
  Eustachio (D:6)
  A wyvern (D:10)
  2 hungry ghosts
  A water moccasin (Lair:1)
  7 orc warriors
  4 slaves
  4 ice beasts
  A sky beast (D:10)
  A necrophage (D:10)
  2 phantoms
  8 ogres
  A crocodile (Lair:1)
  3 centaurs
  5 big kobolds
  6 bullfrogs
  A wyvern zombie (D:9)
  A water moccasin zombie (D:9)
  2 scorpions
  3 killer bees (D:8)
  A water moccasin skeleton (D:9)
  7 wights (D:11)
  2 crimson imps
  A bullfrog zombie (D:6)
  2 hounds
  3 orc priests
  2 jellies (D:8)
  A gnoll shaman (D:4)
  A bullfrog skeleton (D:7)
  A centaur skeleton (D:6)
  7 iguanas
  5 worker ants
  7 orc wizards
  A killer bee zombie (D:9)
  A hound skeleton (D:9)
  A worker ant zombie (D:5)
  A howler monkey skeleton (D:8)
  17 adders
  4 gnolls
  6 river rats
  2 shadow imps
  8 oozes
  An adder skeleton (D:8)
  2 adder zombies
  5 worms
  A dart slug (D:3)
  3 leopard geckos
  49 orcs
  4 giant cockroaches
  16 hobgoblins
  10 jackals
  14 kobolds
  5 quokkas
  5 ball pythons
  6 bats
  4 frilled lizards
  6 goblins
  A quokka skeleton (D:4)
  8 rats
291 creatures vanquished.

Vanquished Creatures (others)
  A human (D:6)
1 creature vanquished.

Grand Total: 292 creatures vanquished

Notes
Turn   | Place    | Note
-------+----------+-------------------------------------------
     0 | D:1      | WiZmei the Merfolk Gladiator began the quest for the Orb.
     0 | D:1      | Reached XP level 1. HP: 16/16 MP: 1/1
   441 | D:1      | Reached XP level 2. HP: 23/23 MP: 2/2
   777 | D:2      | Reached XP level 3. HP: 27/29 MP: 3/3
  1113 | D:2      | Found a shadowy altar of Dithmenos.
  1261 | D:2      | Reached XP level 4. HP: 37/37 MP: 4/4
  1464 | D:2      | Reached skill level 5 in Polearms
  1805 | D:3      | Found a glowing drain.
  2026 | Sewer    | Entered a sewer
  2254 | Sewer    | Noticed a big kobold
  2281 | Sewer    | Killed a big kobold
  2281 | Sewer    | Reached skill level 5 in Dodging
  2281 | Sewer    | Reached skill level 1 in Stealth
  2281 | Sewer    | Reached XP level 5. HP: 43/43 MP: 5/5
  2459 | Sewer    | Noticed a big kobold
  2509 | Sewer    | Killed a big kobold
  2509 | Sewer    | Reached skill level 5 in Fighting
  2509 | Sewer    | Reached skill level 2 in Stealth
  2509 | Sewer    | Reached XP level 6. HP: 48/51 MP: 6/6
  2770 | Sewer    | Reached XP level 7. HP: 49/57 MP: 7/7
  2844 | Sewer    | Reached skill level 3 in Stealth
  3207 | D:3      | Found a blossoming altar of Fedhas.
  4194 | D:4      | Noticed Sigmund
  4286 | D:5      | Entered Level 5 of the Dungeon
  4324 | D:5      | Noticed digijack's ghost (novice BaSk)
  4344 | D:4      | Reached skill level 4 in Stealth
  4355 | D:4      | Reached XP level 8. HP: 61/65 MP: 8/8
  4623 | D:5      | Found Comoit's Magic Scroll Shop.
  4633 | D:5      | Bought a scroll of identify for 30 gold pieces
  4633 | D:5      | Bought a scroll of teleportation for 45 gold pieces
  5104 | D:5      | Found a staircase to the Ecumenical Temple.
  5770 | D:6      | Noticed Eustachio
  5784 | D:6      | Killed Eustachio
  5784 | D:6      | Reached skill level 5 in Stealth
  5809 | D:6      | Found Loustuic's Antique Weapon Emporium.
  5863 | Temple   | Entered the Ecumenical Temple
  5906 | Temple   | Became a worshipper of Warmaster Okawaru
  5935 | D:7      | Found an opulent altar of Gozag.
  6018 | D:6      | Found an ancient bone altar of Kikubaaqudgha.
  6222 | D:6      | Reached skill level 1 in Armour
  6222 | D:6      | Reached XP level 9. HP: 59/74 MP: 9/9
  7303 | D:7      | Reached skill level 6 in Stealth
  7421 | D:7      | Found a hazy altar of Hepliaklqana.
  8162 | D:7      | Reached * piety under Okawaru
  8192 | D:7      | Noticed Pikel
  8475 | D:7      | Found a hide-covered altar of Uskayaw.
  9302 | D:8      | Noticed a two-headed ogre
  9386 | D:8      | Killed a two-headed ogre
  9386 | D:8      | Reached ** piety under Okawaru
  9386 | D:8      | Reached skill level 10 in Polearms
  9386 | D:8      | Reached skill level 7 in Stealth
  9386 | D:8      | Reached XP level 10. HP: 40/80 MP: 10/10
  9653 | D:8      | Learned a level 2 spell: Swiftness
  9796 | D:8      | You fall through a shaft for 3 floors!
 10008 | D:11     | Reached skill level 1 in Charms
 10256 | D:11     | Noticed Josephine
 10385 | D:11     | Noticed a cyclops
 10649 | D:11     | Killed a cyclops
 10649 | D:11     | Reached *** piety under Okawaru
 10649 | D:11     | Reached skill level 8 in Stealth
 10672 | D:11     | Reached skill level 10 in Dodging
 10777 | D:10     | Entered Level 10 of the Dungeon
 10924 | D:9      | Found Loum's Jewellery Boutique.
 11532 | D:10     | Reached skill level 1 in Air Magic
 11922 | D:9      | Found a staircase to the Lair.
 12026 | D:9      | Found a staircase to the Orcish Mines.
 12027 | D:9      | Found a roughly hewn altar of Beogh.
 12336 | D:9      | Found a radiant altar of Vehumet.
 12353 | D:9      | Noticed Erolcha
 12374 | D:9      | Killed Erolcha
 12374 | D:9      | Reached **** piety under Okawaru
 12374 | D:9      | Reached skill level 9 in Stealth
 12374 | D:9      | Reached XP level 11. HP: 68/86 MP: 11/11
 12813 | D:10     | Noticed a manticore
 12827 | D:10     | Killed a manticore
 12827 | D:10     | Reached skill level 1 in Spellcasting
 14079 | D:11     | Noticed a two-headed ogre
 14127 | D:10     | Killed a two-headed ogre
 14127 | D:10     | Reached ***** piety under Okawaru
 14127 | D:10     | Received a gift from Okawaru
 14659 | D:12     | Killed an unseen horror
 14659 | D:12     | Reached skill level 10 in Stealth
 15740 | D:12     | Noticed a skeletal warrior
 16144 | Lair:1   | Entered Level 1 of the Lair of Beasts
 16178 | Lair:1   | Reached skill level 11 in Stealth
 18791 | Lair:1   | Slain by a spiny frog

Skill      XL: |  1  2  3  4  5  6  7  8  9 10 11 |
---------------+----------------------------------+-----
Fighting       | 3 4 5 6 8 |  8.1
Polearms       | 5 6 7 8 10 | 10.0
Dodging        | 5 6 7 8 10 | 10.4
Stealth        | 1 2 4 5 7 9 11 | 11.0
Armour         | 1 4 |  4.2
Charms         | 4 |  4.4
Air Magic      | 3 |  3.5
Spellcasting   | 4 |  4.2
Throwing       | |  2.0

Action                   |  1- 3 |  4- 6 |  7- 9 | 10-12 || total
-------------------------+-------+-------+-------+-------++-------
Melee: Trident           |   113 |   162 |    48 |     8 ||   331
       Tailslap          |       |    15 |     3 |       ||    18
       Spear             |       |       |   575 |   707 ||  1282
Throw: Throwing net      |       |       |     4 |       ||     4
Evoke: Wand              |       |       |       |     3 ||     3
       Lamp of fire      |       |       |       |     1 ||     1
  Use: Scroll            |       |       |    10 |    11 ||    21
       Potion            |       |       |       |     4 ||     4
 Stab: Sleeping          |       |     2 |     1 |       ||     3
       Held in net/web   |       |       |     6 |       ||     6
       Distracted        |       |       |       |     1 ||     1
  Eat: Chunk             |     1 |     1 |    23 |    47 ||    72
       Bread ration      |       |     1 |       |       ||     1
       Royal jelly       |       |       |     1 |       ||     1
Armor: Leather armour    |    27 |    15 |     4 |       ||    46
       Chain mail        |       |       |   170 |   212 ||   382
       Plate armour      |       |       |       |     8 ||     8
Dodge: Dodged            |    78 |   106 |   206 |   253 ||   643
